 Dungeon Crawl Stone Soup version 0.24.0-37-gcf1ca852f1 (webtiles) character file.

Game seed: 3607475257273503789, levelgen mode: deterministic

11 Kobolds4U the Conjurer (level 2, -4/15 HPs)
             Began as a Deep Elf Conjurer on Dec 5, 2019.
             Killed from afar by Natasha (8 damage)
             ... with a magic dart
             ... on level 2 of the Dungeon.
             The game lasted 00:02:01 (922 turns).

Kobolds4U the Conjurer (Deep Elf Conjurer)           Turns: 922, Time: 00:02:01

Health: -4/15      AC:  3    Str:  5    XL:     2   Next: 17%
Magic:  6/8        EV: 13    Int: 19    God:
Gold:   70         SH:  0    Dex: 15    Spells: 6/7 levels left

rFire    . . .     SeeInvis .   f - +3 dagger (pain)
rCold    . . .     Gourm    .   (no shield)
rNeg     . . .     Faith    .   a - +0 robe
rPois    .         Spirit   .   (no helmet)
rElec    .         Reflect  .   (no cloak)
rCorr    .         Harm     .   i - +0 pair of gloves
MR       .....                  (no boots)
Stlth    ++........             (no amulet)
HPRegen  0.05/turn              (no ring)
MPRegen  0.11/turn              (no ring)

@: no status effects
A: no striking features
a: no special abilities


You were on level 2 of the Dungeon.
You were not hungry.

You visited 1 branch of the dungeon, and saw 2 of its levels.

You collected 70 gold pieces.

Inventory:

Hand Weapons
 f - a +3 dagger of pain (weapon)
 j - a +0 dagger of speed
Armour
 a - a +0 robe (worn)
 i - a +0 pair of gloves (worn)
Jewellery
 h - an uncursed amulet of magic regeneration {unknown}
Scrolls
 b - 2 scrolls of identify {unknown}
 d - 2 scrolls of magic mapping {unknown}
 e - a scroll of remove curse {unknown}
 m - a scroll of enchant armour {unknown}
Potions
 g - a potion of lignification {unknown}
 k - a potion of agility {unknown}
 n - a potion of curing
 o - 2 potions of heal wounds {unknown}
Comestibles
 c - 3 rations
 l - a chunk of flesh


   Skills:
 + Level 1.5 Short Blades
 - Level 2.5 Dodging
 - Level 2.5 Stealth
 - Level 3.0 Spellcasting
 - Level 4.4 Conjurations


You had 6 spell levels left.
You knew the following spells:

 Your Spells              Type           Power        Failure   Level  Hunger
a - Magic Dart            Conj           ###.         2%          1    None

Your spell library contained the following spells:

 Spells                   Type           Power        Failure   Level  Hunger
 Searing Ray              Conj           ###...       3%          2    ##.....
 Dazzling Spray           Conj/Hex       ##....       19%         3    ###....
 Iskenderun's Mystic Bla  Conj           ###.....     24%         4    ####...
 Force Lance              Conj/Tloc      ##......     52%         4    ####...
 Fulminant Prism          Conj/Hex       ##........   52%         4    ####...


Dungeon Overview and Level Annotations

Branches:
Dungeon (2/15)

Altars:

Annotations:
D:2 Natasha, Terence


Message History

* * * LOW HITPOINT WARNING * * *
Casting: Magic Dart (safe; 2% risk of failure)
Confirm with . or Enter, or press ? or * to list all spells.
Aiming: Magic Dart (safe; 2% risk of failure)
Press: ? - help, Shift-Dir - straight line, f - Natasha
Aim: Natasha (heavily wounded)
The magic dart hits Natasha.
Natasha is almost dead.
Natasha drinks a potion.
Natasha is healed!
Casting: Magic Dart (safe; 2% risk of failure)
Confirm with . or Enter, or press ? or * to list all spells.
Aiming: Magic Dart (safe; 2% risk of failure)
Press: ? - help, Shift-Dir - straight line, f/p - Natasha
Aim: Natasha (moderately wounded)
The magic dart hits Natasha.
Natasha is heavily wounded.
Natasha stares at you and mumbles some strange words.
The magic dart hits you!
Ouch! That really hurt!
You die...

#####
############...#
#(.)...........#.#
#.############.#.#
#@#............#.#
#h#..........#.#..
#5# #.#........#..
#5#.....###..#..).
#.###.#####....#.#
..................
#########
#######.##########..
........#
................)...
.######)#
#######.##########.#


You could see Natasha, a crimson imp and a white imp.

Vanquished Creatures
  A giant cockroach (D:1)
  2 goblins (D:2)
  A bat (D:1)
  A frilled lizard (D:2)
  5 kobolds
  A rat (D:1)
11 creatures vanquished.

Notes
Turn   | Place    | Note
-------+----------+-------------------------------------------
     0 | D:1      | Kobolds4U the Deep Elf Conjurer began the quest for the
                  | Orb.
     0 | D:1      | Reached XP level 1. HP: 10/10 MP: 6/6
   696 | D:2      | Reached skill level 1 in Short Blades
   699 | D:2      | Noticed Terence
   777 | D:2      | Reached XP level 2. HP: 15/15 MP: 8/8
   914 | D:2      | Noticed Natasha
   920 | D:2      | Noticed a crimson imp
   922 | D:2      | Killed from afar by Natasha

Levels and vault maps discovered:
D:1:      scummos_arrival_checkerplants, layout_loops_ring,
          chequers_mini_garden, chequers_serial_rivers_micro_b,
          chequers_serial_rivers_small_a
D:2:      layout_basic, first_ration, xom_redecorated, uniq_natasha,
          uniq_terence

Skill      XL: |  1 |
---------------+----+-----
Short Blades   | 1 |  1.5
Dodging        | |  2.5
Stealth        | |  2.5
Spellcasting   | |  3.0
Conjurations   | |  4.4

Action                   || total
-------------------------++-------
Melee: Dagger            ||     8
 Cast: Magic Dart        ||    20
 Stab: Sleeping          ||     1
Armor: Robe              ||     1
Dodge: Dodged            ||     2
